 Dungeon Crawl Stone Soup version 0.19.0-11-g3fc08b3 (console) character file.

291 Kloppie the Skirmisher (level 6, 0/51 HPs)
             Began as a Demonspawn Berserker on Nov 8, 2016.
             Was a Priest of Trog.
             Killed by nerve-wracking pain
             ... invoked by Grinder
              (14 damage)
             ... on level 4 of the Dungeon.
             The game lasted 00:03:34 (2228 turns).

Kloppie the Skirmisher (Demonspawn Berserker)       Turns: 2228, Time: 00:03:35

Health: 0/51       AC: 11    Str: 17    XL:     6   Next: 10%
Magic:  6/6        EV:  5    Int:  8    God:    Trog [***...]
Gold:   67         SH:  0    Dex: 15    Spells: 0 memorised, 5 levels left

rFire  . . .     SeeInvis .     a - +0 falchion
rCold  . . .     Gourm    .     l - +0 plate armour
rNeg   . . .     Faith    .     (no shield)
rPois  +         Spirit   .     (helmet restricted)
rElec  .         Reflect  .     p - +0 cloak
rCorr  .         Harm     +     (no gloves)
MR     .....                    (no boots)
Stlth  ..........               k - amulet of harm
                                (no ring)
                                j - ring of poison resistance

@: no status effects
A: horns 2
a: Berserk, Trog's Hand, Burn Spellbooks, Renounce Religion


You were on level 4 of the Dungeon.
You worshipped Trog.
Trog was most pleased with you.
You were near starving.

You visited 1 branch of the dungeon, and saw 4 of its levels.

You collected 67 gold pieces.

Inventory:

Hand Weapons
 a - a +0 falchion (weapon)
Armour
 l - a +0 plate armour (worn)
 p - a +0 cloak (worn)
Jewellery
 j - a ring of poison resistance (left hand)
 k - an amulet of harm (around neck)
Scrolls
 b - 4 scrolls of teleportation {unknown}
 d - 3 scrolls of magic mapping {unknown}
 e - 3 scrolls of identify {unknown}
 m - a scroll of immolation {unknown}
 n - a scroll of noise {unknown}
 o - a scroll of enchant weapon {unknown}
 q - a scroll of random uselessness {unknown}
 u - 3 scrolls of remove curse {unknown}
 w - a scroll of blinking {unknown}
Potions
 g - a potion of lignification {unknown}
 h - 3 potions of curing {unknown}
 i - a potion of might {unknown}
 r - a potion of berserk rage {unknown}
 v - 2 potions of heal wounds {unknown}
Comestibles
 c - 3 bread rations
 f - 4 meat rations
 s - 2 slices of pizza
 t - 2 fruits
 x - 3 chunks of flesh


   Skills:
 + Level 5.6 Fighting
 + Level 4.5 Long Blades
 - Level 1.7 Armour
 - Level 1.7 Dodging


You had 5 spell levels left.
You didn't know any spells.

Dungeon Overview and Level Annotations

Branches:
Dungeon (4/15)             Temple (0/1) D:4

Altars:
Dithmenos
Uskayaw
Yredelemnul

Annotations:
D:4 Grinder


Innate Abilities, Weirdness & Mutations

You have a pair of horns on your head.


Message History

* * * LOW HITPOINT WARNING * * *
You writhe in agony.
* * * LOW HITPOINT WARNING * * *
Your plate armour prevents you from hitting Grinder.
Your headbutt misses Grinder.
Grinder is almost dead.
Grinder blinks!
You are near starving!
Grinder blinks!
You feel less exhausted. Grinder gestures at you.
Pain shoots through your body!
* * * LOW HITPOINT WARNING * * *
Grinder hits you but does no damage.
You closely miss Grinder. Your headbutt misses Grinder.
Grinder is almost dead.
Grinder hits you but does no damage. Grinder gestures at you.
Pain shoots through your body!
You die...

##...............####....#
##.......................##
###.....(...........########
##...................##
##....(................#
#.....[................## #####
........................# ###....
........................###......
........(......5@.......##.......
.......................#.....###.
.........<..##........#....### ##
...........##..##...##..####
..........##..# #####..##
.........###.# #..##
........###.# #..# ......####.#
#.!# #####..#..# ..#


You could see Grinder.

Vanquished Creatures
  A centaur (D:3)
  Ijyb (D:3)
  2 worker ants (D:4)
  6 adders
  2 worms
  A dart slug (D:2)
  A leopard gecko (D:3)
  An orc (D:3)
  8 bats
  4 giant cockroaches
  4 goblins
  4 hobgoblins
  13 jackals
  7 kobolds
  A quokka (D:4)
  A ball python (D:1)
  5 frilled lizards
  2 gnoll zombies (D:2)
  A leopard gecko skeleton (D:4)
  7 rats
72 creatures vanquished.

Notes
Turn   | Place    | Note
-------+----------+-------------------------------------------
     0 | D:1      | Kloppie the Demonspawn Berserker began the quest for the Orb.
     0 | D:1      | Reached XP level 1. HP: 18/18 MP: 1/1
   210 | D:1      | Gained mutation: You have a pair of small horns on your head. [demonic ancestry]
   210 | D:1      | Reached XP level 2. HP: 22/24 MP: 2/2
   494 | D:2      | Gained mutation: You have a pair of horns on your head. [demonic ancestry]
   494 | D:2      | Reached XP level 3. HP: 19/30 MP: 3/3
   639 | D:2      | Reached skill level 4 in Fighting
   697 | D:2      | Reached ** piety under Trog
   965 | D:2      | Reached XP level 4. HP: 37/37 MP: 4/4
  1106 | D:2      | Found a basalt altar of Yredelemnul.
  1478 | D:3      | Found a hide-covered altar of Uskayaw.
  1606 | D:3      | Noticed Ijyb
  1615 | D:3      | Killed Ijyb
  1615 | D:3      | Reached XP level 5. HP: 37/43 MP: 5/5
  1747 | D:3      | Found a shadowy altar of Dithmenos.
  1772 | D:3      | Noticed a centaur
  1780 | D:3      | Reached skill level 5 in Fighting
  1781 | D:3      | Killed a centaur
  1808 | D:3      | Reached *** piety under Trog
  2048 | D:4      | Found a staircase to the Ecumenical Temple.
  2129 | D:4      | Reached XP level 6. HP: 50/51 MP: 6/6
  2180 | D:4      | Noticed Grinder
  2206 | D:4      | Paralysed by Grinder for 4 turns
  2228 | D:4      | Killed from afar by Grinder

Skill      XL: |  1  2  3  4  5 |
---------------+----------------+-----
Long Blades    | 3 4 |  4.5
Fighting       | 4 5 |  5.6
Armour         | |  1.7
Dodging        | |  1.7

Action                   |  1- 3 |  4- 6 || total
-------------------------+-------+-------++-------
Melee: Falchion          |    88 |   140 ||   228
       Headbutt          |    15 |    38 ||    53
Invok: Berserk           |       |     3 ||     3
       Trog's Hand       |       |     1 ||     1
  Eat: Chunk             |       |     6 ||     6
Armor: Plate armour      |    81 |   136 ||   217
       Scale mail        |     3 |       ||     3
Dodge: Dodged            |    23 |    59 ||    82
       Rpst.: Falchion   |     7 |    23 ||    30
